Map: Stargazers

Players

Overstim

  • Race: Terran Terran
  • League: Diamond
  • Spawn Location: 11:00

DankCraft - Winner!

  • Race: Protoss Protoss
  • League: Diamond
  • Spawn Location: 1:00

VOD

Have the link to the VOD?

Description

Time

  • Played on: Nov. 30, 2022, 4:15 p.m.
  • Length: 12:57
Show
View Real Time Build Order
Export as new Build Order

Overstim Terran 

Build Orders:  

Get SALT Encoding   

  12  0:00  SCV  
  13  0:12  SCV  
  14  0:17  Supply Depot  
  14  0:24  SCV  
  15  0:38  SCV  
  15  0:40  Barracks  
  16  0:43  Refinery  
  16  0:50  SCV  
  17  1:03  SCV  
  18  1:15  SCV  
  19  1:27  Orbital Command  
  19  1:34  Marine  
  20  1:48  Bunker, Refinery  
  20  1:53  Marine  
  21  1:56  SCV  
  21  2:13  SCV  
  23  2:21  Factory  
  22  2:26  SCV  
  22  2:27  Barracks  
  23  2:33  Supply Depot  
  23  2:35  Supply Depot  
  23  2:56  SCV  
  23  2:58  Supply Depot  
  24  3:08  Starport  
  24  3:12  SCV  
  25  3:13  Supply Depot  
  25  3:19  Marine, Hellion  
  28  3:37  Marine  
  28  3:40  Hellion  
  29  4:04  Widow Mine  
  31  4:18  Armory  
  31  4:23  Barracks Tech Lab, SCV  
  30  4:29  Barracks  
  30  4:31  Command Center  
  30  4:33  Barracks  
  30  4:34  Widow Mine  
  30  4:35  Liberator  
  35  4:44  Stimpack  
  35  5:05  Widow Mine  
  37  5:13  SCV  
  38  5:18  Barracks Reactor, Supply Depot  
  37  5:46  Command Center  
  37  5:47  Barracks Reactor  
  34  5:58  Marine  
  34  5:59  Marine  
  34  6:02  Orbital Command  
  36  6:06  Marine  
  37  6:14  Barracks x2  
  37  6:16  Marine x2  
  39  6:21  Orbital Command  
  39  6:24  Marine  
  38  6:30  SCV  
  38  6:34  Marine  
  38  6:35  Marine x3  
  41  6:42  Marine, SCV  
  43  6:49  SCV  
  43  6:52  Marine x3  
  48  6:54  SCV  
  45  7:01  SCV  
  45  7:05  Engineering Bay x2  
  45  7:06  SCV  
  47  7:12  Barracks Tech Lab  
  47  7:13  Barracks Tech Lab, SCV, Combat Shield  
  46  7:38  Concussive Shells  
  46  7:43  Orbital Command  
  45  7:58  Marauder, Marine  
  45  7:59  Marauder, Marine x2  
  45  8:00  Marauder, Marine  
  53  8:08  Missile Turret  
  53  8:09  Missile Turret  
  53  8:15  Missile Turret  
  53  8:17  Starport Reactor  
  53  8:25  Factory Tech Lab  
  49  8:37  Marauder x2, Marine x3  
  53  8:46  Marauder, Marine  
  53  8:53  SCV  
  53  8:54  Missile Turret  
  54  8:58  Terran Infantry Weapons Level 1  
  54  9:09  Missile Turret  
  54  9:15  SCV x2  
  56  9:30  Marauder x2  
  59  9:35  Marauder, Marine  
  59  9:36  Viking  
  64  9:42  Viking  
  64  9:44  Marine x3  
  61  9:51  Marauder, Marine  
  61  9:53  Marine  
  61  9:56  Marine  
  61  10:02  Marine x3  
  59  10:08  Marine  
  59  10:11  Marine  
  59  10:12  Viking, Marine  
  58  10:14  Marine  
  58  10:15  Missile Turret  
  58  10:19  Marine x2  
  58  10:20  Marine  
  58  10:26  Marine  
  55  10:30  Marine  
  49  10:51  Marauder x2  
  49  10:52  Marine  
  49  10:56  Starport Reactor  
  44  11:02  Marauder  
  46  11:14  Marauder x2, Marine  
  49  11:22  Marine x2  
  49  11:29  Marine  
  49  11:30  Marine  
  49  11:31  Marine  
  48  11:36  Marine x2  
  45  11:40  Marine  
  43  11:49  Marine x2  
  30  12:04  SCV  
Show
View Real Time Build Order
Export as new Build Order

DankCraft Protoss - Winner!

Build Orders:  

Get SALT Encoding   

  12  0:02  Probe  
  13  0:14  Probe  
  14  0:20  Pylon  
  14  0:26  Probe  
  15  0:39  Probe  
  16  0:44  Forge  
  16  0:51  Probe  
  17  0:57  Pylon  
  17  1:03  Probe (Chrono Boost)  
  18  1:13  Probe (Chrono Boost)  
  18  1:14  Pylon  
  19  1:18  Pylon  
  19  1:26  Photon Cannon  
  19  1:30  Gateway  
  19  1:33  Photon Cannon  
  18  1:40  Pylon  
  18  1:43  Probe  
  19  1:54  Assimilator  
  19  1:55  Probe  
  19  1:58  Assimilator  
  20  2:12  Probe  
  21  2:24  Probe, Cybernetics Core  
  22  2:36  Probe (Chrono Boost)  
  23  2:47  Probe (Chrono Boost)  
  24  2:51  Probe (Chrono Boost)  
  24  2:56  Nexus  
  25  3:03  Stargate  
  25  3:09  Stalker  
  27  3:15  Shield Battery  
  27  3:20  Probe  
  28  3:33  Pylon  
  28  3:39  Stalker  
  28  3:41  Shield Battery  
  30  3:44  Probe  
  30  3:59  Shield Battery  
  30  4:07  Stargate  
  33  4:30  Void Ray  
  33  4:35  Probe, Pylon  
  34  4:44  Pylon  
  38  5:00  Probe  
  38  5:01  Void Ray (Chrono Boost)  
  38  5:16  Pylon  
  38  5:18  Forge  
  38  5:23  Probe  
  38  5:24  Pylon  
  38  5:26  Probe  
  40  5:35  Oracle (Chrono Boost)  
  39  5:47  Probe  
  39  6:02  Photon Cannon  
  39  6:10  Stalker  
  45  6:26  Void Ray (Chrono Boost)  
  42  6:36  Probe x2  
  42  6:37  Pylon  
  44  6:48  Probe x2  
  46  7:00  Probe  
  47  7:02  Probe  
  48  7:12  Probe  
  48  7:14  Probe  
  50  7:16  Fleet Beacon  
  50  7:42  Probe x2  
  50  7:54  Probe x2  
  52  8:06  Probe  
  52  8:09  Photon Cannon  
  52  8:11  Photon Cannon x2, Tempest  
  63  8:18  Probe x2  
  65  8:20  Assimilator  
  65  8:22  Assimilator  
  65  8:30  Probe  
  64  8:39  Photon Cannon  
  64  8:52  Shield Battery  
  64  8:53  Photon Cannon  
  64  8:54  Photon Cannon  
  64  8:56  Shield Battery  
  64  8:58  Tempest x2 (Chrono Boost)  
  69  9:09  Probe x2  
  71  9:21  Probe x2  
  71  9:23  Nexus  
  73  10:00  Tempest x2  
  68  10:39  Pylon  
  67  10:43  Tempest  
  67  10:59  Shield Battery  
  67  11:01  Photon Cannon, Probe x2  
  67  11:03  Shield Battery  
  69  11:05  Shield Battery  
  69  11:06  Shield Battery  
  69  11:07  Photon Cannon  
  69  11:08  Photon Cannon  
  69  11:10  Photon Cannon  
  69  11:11  Pylon  
  69  11:13  Probe x2  
  69  11:17  Tempest  
  76  11:26  Tempest  
  81  11:59  Tempest  
  81  12:00  Probe x2  
  81  12:01  Probe  
  89  12:06  Stargate  
  89  12:09  Tempest  
  89  12:10  Photon Cannon  
  89  12:16  Photon Cannon  
Tags
 
Add a new tag
Caveats
  • Supply blocks, unpowered buildings, or Contaminate may cause inaccurate times.
  • Supply counts are checked every 10 seconds.